 Dungeon Crawl Stone Soup version 0.29.1-15-g9cfb28693d (webtiles) character file.

Game seed: 5009013755266013899

211 bnorton916 the Magician (level 5, -5/28 HPs)
             Began as a Deep Elf Fire Elementalist on Feb 22, 2023.
             Slain by a gnoll
             ... wielding a +0 flail
             ... led by a gnoll bouda
              (6 damage)
             ... on level 4 of the Dungeon.
             The game lasted 00:03:31 (5798 turns).

bnorton916 the Magician (DEFE)                      Turns: 5798, Time: 00:03:31

Health: -5/28      AC:  2    Str:  5    XL:     5   Next: 57%
Magic:  3/14       EV: 12    Int: 22    God:
Gold:   106        SH:  0    Dex: 15    Spells: 8/14 levels left

rFire   . . .      SeeInvis .   n - +2 dagger (venom)
rCold   + . .      Faith    .   (no shield)
rNeg    . . .      Spirit   .   a - +0 robe
rPois   .          Reflect  .   (no helmet)
rElec   .          Harm     .   (no cloak)
rCorr   .          Rampage  .   (no gloves)
Will    .....                   (no boots)
Stlth   ++........              (no amulet)
HPRegen 0.09/turn               c - ring of protection from cold
MPRegen 0.14/turn               (no ring)

@: no status effects
A: no striking features
a: no special abilities


You were on level 4 of the Dungeon.
You visited 1 branch of the dungeon, and saw 4 of its levels.

You collected 106 gold pieces.

Inventory:

Hand Weapons
 n - a +2 dagger of venom (weapon)
 t - a +1 dagger of venom
Missiles
 e - 4 javelins
 h - 8 poisoned darts
Armour
 a - a +0 robe (worn)
Jewellery
 c - a ring of protection from cold (left hand)
 p - an amulet of guardian spirit
 s - a ring of protection from fire
Scrolls
 d - a scroll of amnesia {unknown}
 f - 2 scrolls of fear {unknown}
 i - a scroll of noise {unknown}
 j - a scroll of teleportation {unknown}
 r - a scroll of butterflies {unknown}
 v - a scroll of torment {unknown}
 x - a scroll of enchant armour {unknown}
 y - a scroll of identify {unknown}
Potions
 b - a potion of magic
 g - a potion of haste {unknown}
 k - 3 potions of flight {unknown}
 l - a potion of ambrosia {unknown}
 m - a potion of attraction {unknown}
 o - a potion of lignification {unknown}
 q - 2 potions of might {unknown}
 u - 4 potions of resistance {unknown}
 w - a potion of brilliance {unknown}
 z - a potion of cancellation {unknown}
 A - 2 potions of invisibility {unknown}


   Skills:
 - Level 2.4 Dodging
 - Level 2.4 Stealth
 + Level 5.2 Spellcasting
 + Level 3.5 Conjurations
 + Level 4.8 Fire Magic


You had 8 spell levels left.
You knew the following spells:

 Your Spells              Type           Power      Damage    Failure   Level
a - Foxfire               Conj/Fire      96%        2x1d8     1%          1
b - Scorch                Fire           52%        2d8       1%          2
c - Conjure Flame         Conj/Fire      24%        6-21      5%          3

Your spell library contained the following spells:

 Spells                   Type           Power      Damage    Failure   Level
 Inner Flame              Hex/Fire       16%        N/A       11%         3
 Sublimation of Blood     Necr           5%         N/A       16%         2
 Flame Wave               Conj/Fire      24%        2d8       19%         4
 Olgreb's Toxic Radiance  Pois           5%         N/A       69%         4
 Petrify                  Tmut/Erth      5%         N/A       69%         4
 Irradiate                Conj/Tmut      6%         3d13      78%         5
 Ozocubu's Refrigeration  Ice            2%         4d8       100%        7
 Ignition                 Fire           13%        3d6       100%        8


Dungeon Overview and Level Annotations

Branches:
Dungeon (4/15)
 Temple: D:4-7

Altars:
Ashenzari
Xom

Shops:
D:2 [


Message History

The gnoll is moderately wounded.
Casting: Foxfire (safe; 1% risk of failure)
Confirm with . or Enter, or press ? or * to list all spells.
You conjure some foxfire!
The gnoll hits you from afar with a +0 spear!
The foxfire hits the gnoll but does no damage.
The gnoll is moderately wounded.
The foxfire hits the gnoll but does no damage.
The gnoll is moderately wounded.
The gnoll hits you from afar with a +0 spear.
Casting: Foxfire (safe; 1% risk of failure)
Confirm with . or Enter, or press ? or * to list all spells.
Flames lash the gnoll.
The gnoll is severely wounded.
The gnoll's fire resistance burns away.
The gnoll hits you from afar with a +0 spear.
The gnoll hits you from afar with a +0 spear.
Casting: Scorch (safe; 1% risk of failure)
Confirm with . or Enter, or press ? or * to list all spells.
Flames lash the gnoll.
The gnoll is moderately wounded.
The gnoll's fire resistance burns away.
The gnoll completely misses you. The gnoll barely misses you.
The gnoll barely misses you. x2
Casting: Scorch (safe; 1% risk of failure)
Confirm with . or Enter, or press ? or * to list all spells.
Flames lash the gnoll.
The gnoll is burned terribly!
The gnoll is almost dead.
The gnoll is no longer more vulnerable to fire.
The gnoll hits you with a +0 flail!
* * * LOW HITPOINT WARNING * * *
The gnoll barely misses you. The gnoll barely misses you. The gnoll misses you.
Okay, then.
Casting: Scorch (safe; 1% risk of failure)
Confirm with . or Enter, or press ? or * to list all spells.
Flames lash the gnoll.
You kill the gnoll!
The gnoll hits you with a +0 flail.
You die...

##########
#........#########
#############
#.######..........
ggg.........####@###
########### ###.###
#.#....)g.....# #
#.......)####.# #
##.....#..####. #
#...<........>. #
#..........####. #
.......)......# #
.##............# #
##.....)......# #


You could see a gnoll (combustible).

Vanquished Creatures
  A gnoll bouda (D:3)
  Jessica (D:2)
  3 gnolls
  4 adders
  2 worms
  3 dart slugs
  12 orcs
  5 ball pythons
  6 endoplasms
  5 giant cockroaches
  5 goblins
  5 hobgoblins
  3 jackals (D:1)
  A quokka (D:1)
  5 bats
  2 frilled lizards
  8 kobolds
  7 rats
78 creatures vanquished.

Vanquished Creatures (others)
  300 foxfires
300 creatures vanquished.

Grand Total: 378 creatures vanquished

Notes
Turn   | Place    | Note
-------+----------+-------------------------------------------
     0 | D:1      | bnorton916 the Deep Elf Fire Elementalist began the quest
                  | for the Orb.
     0 | D:1      | Reached XP level 1. HP: 10/10 MP: 6/6
   319 | D:1      | Reached XP level 2. HP: 11/15 MP: 2/8
  1683 | D:1      | Found a faded altar of an unknown god.
  1690 | D:1      | Reached XP level 3. HP: 18/19 MP: 6/10
  2204 | D:2      | Learned a level 2 spell: Scorch
  2208 | D:2      | Learned a level 3 spell: Conjure Flame
  2210 | D:2      | Found Abroav's Armour Shop.
  2452 | D:2      | Noticed Jessica
  2457 | D:2      | Killed Jessica
  2458 | D:2      | Reached skill level 4 in Spellcasting
  2458 | D:2      | Reached XP level 4. HP: 8/24 MP: 7/12
  3393 | D:3      | Found a broken altar of Ashenzari.
  4413 | D:3      | Reached XP level 5. HP: 28/28 MP: 11/14
  4489 | D:3      | Found a shimmering altar of Xom.
  5136 | D:3      | Reached skill level 5 in Spellcasting
  5796 | D:4      | HP: 1/28 [gnoll/+0 flail[a gnoll bouda] (9)]
  5798 | D:4      | Slain by a gnoll

Illustrated notes

Levels and vault maps discovered:
D:1:      dpeg_arrival_arbitrary_a, layout_loops_ring,
          shapermc_ecumenical_altar_starsandcircs
D:2:      layout_rooms, serial_shops, nicolae_shop_statue_plus, uniq_jessica
D:3:      layout_basic, mainiacjoe_overflow_24_doors, tgw_xom
D:4:      layout_loops_ring, mainiacjoe_overflow_large_starburst, st_stairs_7,
          kennysheep_nondescript

Skill      XL: |  1  2  3  4  5 |
---------------+----------------+-----
Conjurations   | 2 3 |  3.5
Spellcasting   | 4 5 |  5.2
Fire Magic     | 4 |  4.8
Dodging        | |  2.4
Stealth        | |  2.4

Action                   |  1- 3 |  4- 6 || total
-------------------------+-------+-------++-------
 Cast: Foxfire           |   119 |    75 ||   194
       Scorch            |     2 |    19 ||    21
Armor: Robe              |     6 |     2 ||     8
Dodge: Dodged            |    33 |    19 ||    52
